 Dungeon Crawl Stone Soup version 0.29.1-15-g9cfb28693d (webtiles) character file.

Game seed: 10921877297550893168

5373 mactray the Basher (level 10, -1/88 HPs)
             Began as a Minotaur Berserker on Sept 10, 2023.
             Was an Elder of Trog.
             Slain by a ten-headed hydra (2 damage)
             ... on level 7 of the Dungeon on Sept 11, 2023.
             The game lasted 01:59:52 (12845 turns).

mactray the Basher (Minotaur Berserker)            Turns: 12845, Time: 01:59:53

Health: -1/88      AC: 15    Str: 36    XL:     10   Next: 39%
Magic:  0/9        EV:  9    Int: 12    God:    Trog [****..]
Gold:   355        SH:  0    Dex: 10    Spells: 9/9 levels left

rFire   . . .      SeeInvis .   I - +2 battleaxe
rCold   . . .      Faith    .   (shield currently unavailable)
rNeg    . . .      Spirit   +   n - +0 plate armour
rPois   +          Reflect  .   (helmet restricted)
rElec   .          Harm     .   (no cloak)
rCorr   .          Rampage  .   (no gloves)
Will    .....                   k - +0 pair of boots
Stlth   ..........              s - amulet of guardian spirit
HPRegen 0.24/turn               i - +6 ring of strength
MPRegen 0.11/turn               O - ring of Tension {rPois Str+4 Int+8 Slay-5}

@: studying Stealth
A: horns 2, retaliatory headbutt
a: Renounce Religion, Berserk, Trog's Hand, Brothers in Arms


You were on level 7 of the Dungeon.
You worshipped Trog.
Trog was greatly pleased with you.
You visited 1 branch of the dungeon, and saw 7 of its levels.

You collected 355 gold pieces.

Inventory:

Hand Weapons
 f - a +4 hand axe
 j - a +2 whip of flaming
 t - a +0 battleaxe
 C - a +0 morningstar
 E - a +2 trident of distortion
 I - a +2 battleaxe (weapon)
 W - a +1 morningstar of freezing
 Y - a +1 halberd of venom
Missiles
 a - 3 datura-tipped darts
 U - 26 stones (quivered)
Armour
 b - a +0 animal skin
 g - a +0 plate armour
 h - a +0 ring mail
 k - a +0 pair of boots (worn)
 l - a +0 robe
 n - a +0 plate armour (worn)
 G - a +0 scale mail
 L - a +0 leather armour
 Q - a +2 scale mail of cold resistance
 S - a +0 ring mail
 T - a +1 leather armour of cold resistance
Jewellery
 i - a +6 ring of strength (left hand)
 s - an amulet of guardian spirit (around neck)
 D - a ring of willpower
 F - a ring of protection from cold
 O - the ring of Tension (right hand) {rPois Str+4 Int+8 Slay-5}
   (You found it on level 6 of the Dungeon)

   [ring of poison resistance]

   Str:       It affects your strength (+4).
   Int:       It affects your intelligence (+8).
   Slay:      It affects your accuracy & damage with ranged weapons and melee
   (-5).
   rPois:     It protects you from poison.
 V - a ring of poison resistance
 Z - a ring of fire
Wands
 q - a wand of charming (17)
 P - a wand of mindburst (19)
 R - a wand of roots (5)
Scrolls
 c - 3 scrolls of noise
 d - 3 scrolls of fear
 e - 8 scrolls of identify
 o - a scroll of immolation {unknown}
 r - 3 scrolls of teleportation
 u - 2 scrolls of enchant armour {unknown}
 v - a scroll of vulnerability {unknown}
 A - 2 scrolls of brand weapon {unknown}
 H - 3 scrolls of blinking
 J - 4 scrolls of magic mapping
 M - a scroll of torment {unknown}
 N - a scroll of fog {unknown}
Potions
 m - a potion of might {unknown}
 w - 3 potions of invisibility
 x - a potion of resistance {unknown}
 y - 2 potions of brilliance {unknown}
 z - 4 potions of curing
 B - a potion of heal wounds {unknown}
 K - 2 potions of attraction {unknown}
 X - 2 potions of lignification {unknown}


   Skills:
 * Level 8.0 Fighting
 * Level 9.2(11.6) Axes
 * Level 11.2(12.5) Maces & Flails
 - Level 1.0 Throwing
 + Level 9.6 Armour
 + Level 3.0 Dodging
 + Level 0.6 Stealth


You had 9 spell levels left.
You didn't know any spells.
Your spell library contained the following spells:

 Spells                   Type           Power      Damage    Failure   Level
 Ensorcelled Hibernation  Hex/Ice        0%         N/A       95%         2
 Conjure Flame            Conj/Fire      0%         6-21      99%         3
 Ignite Poison            Fire/Tmut/Pois 0%         N/A       99%         3
 Mephitic Cloud           Conj/Pois/Air  0%         N/A       99%         3
 Spider Form              Tmut/Pois      0%         N/A       99%         3
 Anguish                  Hex/Necr       0%         N/A       100%        4
 Sticky Flame             Conj/Fire      0%         2d3       100%        4
 Freezing Cloud           Conj/Ice/Air   0%         6-21      100%        5


Dungeon Overview and Level Annotations

Branches:
Dungeon (7/15)             Temple (0/1) D:7

Altars:
Ashenzari
Cheibriados
Elyvilon
Hepliaklqana
Makhleb
Nemelex Xobeh
Okawaru
Trog
Wu Jian
Zin
The Shining One

Annotations:
D:3 2 transporters, Taurus's ghost, amateur MiFi


Innate Abilities, Weirdness & Mutations

You have a pair of horns on your head.
You reflexively headbutt those who attack you in melee.


Message History

The nine-headed hydra bites you.
The nine-headed hydra completely misses you.
You slice one of the nine-headed hydra's heads off!
The eight-headed hydra grows two more!
You slash the ten-headed hydra!
Your headbutt misses the ten-headed hydra.
The ten-headed hydra is heavily wounded.
The ten-headed hydra misses you. The ten-headed hydra barely misses you.
The ten-headed hydra bites you. The ten-headed hydra bites you!
The ten-headed hydra misses you. The ten-headed hydra bites you.
* * * LOW HITPOINT WARNING * * *
The ten-headed hydra bites you but does no damage.
The ten-headed hydra closely misses you.
The ten-headed hydra bites you.
* * * LOW HITPOINT WARNING * * *
The ten-headed hydra bites you!
* * * LOW HITPOINT WARNING * * *
You feel better. The ten-headed hydra bites you.
* * * LOW HITPOINT WARNING * * *
The ten-headed hydra bites you but does no damage. x2
The ten-headed hydra bites you!
* * * LOW HITPOINT WARNING * * *
The ten-headed hydra bites you.
* * * LOW HITPOINT WARNING * * *
The ten-headed hydra bites you.
* * * LOW HITPOINT WARNING * * *
The ten-headed hydra closely misses you.
The ten-headed hydra bites you but does no damage.
The ten-headed hydra completely misses you.
The ten-headed hydra bites you but does no damage.
Aiming: Fastroot
Press: ? - help, Shift-Dir - straight line, f/p - ten-headed hydra
Aim: a ten-headed hydra (heavily wounded)
The roots erupt in riotous growth!
Roots grab the ten-headed hydra.
The grasping roots constrict the ten-headed hydra.
The ten-headed hydra completely misses you.
The ten-headed hydra misses you. The ten-headed hydra bites you!
* * * LOW HITPOINT WARNING * * *
The ten-headed hydra bites you.
You die...

#.#...?...#.#.#
#.#.......#>#.#
#.####.##.#.#.#
##.# #.##.#.#.#
###..# #+##.....#
#>..## ###....
#.#.# #.#.#
########@#.# .. .
#.......D..# .....
#..........##.....#
#.................#
#............)....#
#
####..............#
## #..............#
##§
#####.####.....#
##§≈
######....D......#
##§§≈


You could see a ten-headed hydra (rooted).

Vanquished Creatures
  A two-headed ogre (D:5)
  Pikel (D:4)
  A manticore (D:7)
  A troll (D:6)
  A hornet (D:7)
  Sigmund (D:4)
  2 wraiths
  A vampire mosquito (D:7)
  2 water moccasins
  An orc warrior (D:6)
  2 ice beasts
  3 black bears
  A centaur (D:7)
  3 ogres
  4 phantoms
  A kobold brigand (D:7)
  A bullfrog (D:6)
  2 necrophages (D:5)
  7 wights
  2 lava snakes (D:7)
  2 hounds
  5 jellies
  A gnoll bouda (D:3)
  3 orc priests (D:5)
  5 iguanas
  Ijyb (D:3)
  Terence (D:3)
  6 orc wizards
  11 adders
  9 gnolls
  A shadow imp (D:7)
  A white imp (D:3)
  3 ufetubi
  2 worms (D:2)
  3 dart slugs
  23 orcs
  7 bats
  4 endoplasms
  2 giant cockroaches (D:3)
  2 goblins
  9 hobgoblins
  3 quokkas
  4 ball pythons
  2 frilled lizards
  12 kobolds
  2 rats (D:2)
162 creatures vanquished.

Vanquished Creatures (others)
  2 plants (D:2)
2 creatures vanquished.

Grand Total: 164 creatures vanquished

Notes
Turn   | Place    | Note
-------+----------+-------------------------------------------
     0 | D:1      | mactray the Minotaur Berserker began the quest for the Orb.
     0 | D:1      | Reached XP level 1. HP: 19/19 MP: 0/0
   424 | D:1      | Reached skill level 4 in Maces & Flails
   424 | D:1      | Reached XP level 2. HP: 26/27 MP: 1/1
  1670 | D:2      | Found a broken altar of Ashenzari.
  1819 | D:2      | Reached XP level 3. HP: 33/33 MP: 2/2
  1950 | D:2      | Found a faded altar of an unknown god.
  2307 | D:2      | Reached ** piety under Trog
  2463 | D:2      | Reached skill level 1 in Axes
  2463 | D:2      | Reached XP level 4. HP: 41/41 MP: 3/3
  2639 | D:3      | Noticed an ogre
  2639 | D:3      | Noticed Taurus's ghost (amateur MiFi)
  2639 | D:3      | Found a transporter.
  2652 | D:3      | Noticed an ogre
  2976 | D:3      | Noticed Terence
  2986 | D:3      | Killed Terence
  3349 | D:3      | Noticed Ijyb
  3389 | D:3      | Killed Ijyb
  3390 | D:3      | Reached XP level 5. HP: 19/47 MP: 4/4
  3764 | D:3      | Found a transporter.
  4029 | D:4      | Noticed a phantom
  4043 | D:3      | Killed a phantom
  4072 | D:4      | Noticed an ogre
  4078 | D:4      | Killed an ogre
  4079 | D:4      | Reached skill level 1 in Throwing
  4079 | D:4      | Reached XP level 6. HP: 24/53 MP: 2/5
  4447 | D:3      | Reached skill level 5 in Axes
  4781 | D:3      | HP: 2/53 [poisoned by a gnoll]
  5834 | D:4      | Noticed Sigmund
  5864 | D:4      | You fall into a shaft and drop 2 floors!
  5886 | D:5      | Entered Level 5 of the Dungeon
  5894 | D:5      | Reached skill level 5 in Fighting
  5894 | D:5      | Reached XP level 7. HP: 45/61 MP: 4/6
  6091 | D:5      | Reached skill level 5 in Armour
  6263 | D:4      | Killed Sigmund
  6345 | D:4      | Reached *** piety under Trog
  7035 | D:4      | Reached XP level 8. HP: 66/68 MP: 5/7
  7190 | D:5      | Reached skill level 5 in Maces & Flails
  7675 | D:5      | Found a white marble altar of Elyvilon.
  7678 | D:5      | Found a glowing golden altar of the Shining One.
  7681 | D:5      | Found a glowing silver altar of Zin.
  7757 | D:5      | Reached skill level 6 in Maces & Flails
  7919 | D:5      | Found a sparkling altar of Nemelex Xobeh.
  8175 | D:5      | Noticed a two-headed ogre
  8184 | D:5      | Killed a two-headed ogre
  8185 | D:5      | Reached skill level 8 in Maces & Flails
  8185 | D:5      | Reached XP level 9. HP: 72/75 MP: 8/8
  8243 | D:5      | Noticed Pikel
  8488 | D:4      | Killed Pikel
  9196 | D:6      | Reached skill level 9 in Maces & Flails
  9694 | D:6      | Reached **** piety under Trog
  9736 | D:6      | Reached skill level 10 in Maces & Flails
  9827 | D:6      | Found a hazy altar of Hepliaklqana.
  9855 | D:6      | Identified the ring of Tension {rPois Str+4 Int+8 Slay-5}
 10038 | D:6      | Noticed a troll
 10052 | D:6      | Killed a troll
 10053 | D:6      | Reached XP level 10. HP: 58/86 MP: 6/9
 11031 | D:7      | Noticed a manticore
 11046 | D:7      | Killed a manticore
 11047 | D:7      | Reached skill level 11 in Maces & Flails
 11786 | D:7      | Noticed a seven-headed hydra
 11831 | D:7      | Found a staircase to the Ecumenical Temple.
 12549 | D:7      | Found an ornate altar of the Wu Jian Council.
 12569 | D:7      | Found a bloodstained altar of Trog.
 12570 | D:7      | Found an iron altar of Okawaru.
 12571 | D:7      | Found a snail-covered altar of Cheibriados.
 12572 | D:7      | Found a burning altar of Makhleb.
 12845 | D:7      | HP: 1/88 [ten-headed hydra (8)]
 12845 | D:7      | Slain by a ten-headed hydra

Illustrated notes

Levels and vault maps discovered:
D:1:      doesnt_arrival_eight_statues, layout_loops_corners
D:2:      layout_basic, basic_altar, chequers_ecumenical_altar_lobes
D:3:      layout_loops_ring, gammafunk_ghost_smash, nicolae_titane,
          uniq_terence, uniq_ijyb
D:4:      layout_basic, uniq_sigmund
D:5:      layout_cave_pools, good_gods_temple_1, nemelex_diamond_rough_becter,
          grunt_ministairs_5, chequers_serial_rivers_large_a,
          minmay_crystal_room, minmay_chambers_of_fives, uniq_pikel
D:6:      layout_cave_pools, nicolae_overflow_hidden_temple
D:7:      kennysheep_big_flooded_room, layout_basic, minitemple,
          minmay_manual_maat, uniq_menkaure

Skill      XL: |  1  2  3  4  5  6  7  8  9 10 |
---------------+-------------------------------+-----
Maces & Flails | 4 8 10 11 | 11.2
Fighting       | 4 5 6 7 8 |  8.0
Axes           | 1 2 4 5 7 8 9 |  9.2
Armour         | 3 4 6 8 9 |  9.6
Throwing       | 1 |  1.0
Dodging        | 3 |  3.0
Stealth        | |  0.6

Action                   |  1- 3 |  4- 6 |  7- 9 | 10-12 || total
-------------------------+-------+-------+-------+-------++-------
Melee: Mace              |    42 |       |       |       ||    42
       Headbutt          |     7 |    19 |    31 |    13 ||    70
       War axe           |    33 |   131 |    35 |       ||   199
       Punch             |       |     1 |       |       ||     1
       Morningstar       |       |       |   116 |       ||   116
       Battleaxe         |       |       |    29 |    85 ||   114
Throw: Stone             |    21 |    10 |    12 |     4 ||    47
Evoke: Wand              |       |       |       |     4 ||     4
  Use: Scroll            |       |       |     1 |     6 ||     7
       Potion            |       |       |     1 |     1 ||     2
Armor: Animal skin       |     3 |       |       |       ||     3
       Plate armour      |    46 |    84 |   124 |    80 ||   334
Dodge: Dodged            |    25 |    73 |   111 |    72 ||   281
